 Dungeon Crawl Stone Soup version 0.30.0-20-g3615ddf2f0 (webtiles) character file.

Game seed: 2321317862328221992

37 qw the Chopper (level 3, -2/23 HPs)
             Began as a Gargoyle Fighter on May 30, 2023.
             Slain by an orc priest
             ... wielding a +0 mace
              (3 damage)
             ... on level 2 of the Dungeon.
             The game lasted 00:00:33 (1391 turns).

qw the Chopper (Gargoyle Fighter)                   Turns: 1391, Time: 00:00:34

Health: -2/23      AC: 10    Str: 21    XL:     3   Next: 39%
Magic:  3/3        EV:  9    Int:  8    God:
Gold:   110        SH:  4    Dex:  9    Spells: 2/2 levels left

rFire   . . .        Y - +1 war axe
rCold   . . .        c - +0 buckler
rNeg    + . .        b - +0 scale mail
rPois   inf          (no helmet)
rElec   +            (no cloak)
rCorr   .            (no gloves)
SInv    .            (no boots)
Will    .....        (no amulet) Stlth
                     (no ring)
HPRegen 0.23/turn    (no ring)
MPRegen 0.08/turn

%: no passive effects
@: no status effects
A: sickness immunity, AC +3, negative energy resistance 1, electricity
resistance, torment resistance 1, petrification resistance
a: no special abilities


You were on level 2 of the Dungeon.
You visited 1 branch of the dungeon, and saw 3 of its levels.

You collected 110 gold pieces.


Innate Abilities, Weirdness & Mutations

You are immune to sickness and miasma.
Your stone body is resilient. (AC +3)
You are immune to poison.
You resist negative energy. (rN+)
You are resistant to electric shocks. (rElec)
You are resistant to unholy torment.
You are immune to petrification.


   Skills:
 - Level 3.2 Fighting
 + Level 3.3 Axes
 - Level 3.2 Armour
 - Level 3.2 Shields


You had 2 spell levels left.
You didn't know any spells.
Your spell library was empty.

Inventory:

Hand Weapons
 h - a +0 whip
 Y - a +1 war axe (weapon)
Armour
 b - a +0 scale mail (worn)
 c - a +0 buckler (worn)
Scrolls
 a - a scroll of identify
Potions
 d - a potion of might
 e - a potion of heal wounds {unknown}
 f - a potion of haste {unknown}
 g - a potion of attraction {unknown}
 i - a potion of curing
 k - a potion of berserk rage {unknown}

Dungeon Overview and Level Annotations

Branches:
Dungeon (3/15)

Altars:

Shops:
D:1 =:

Annotations:
D:3 Grinder


Message History

The orc wizard gestures wildly while chanting.
The orc wizard flickers and vanishes!
Deactivating autopickup; reactivate with Ctrl-A.
There is a stone staircase leading up here.
You slash the orc priest!
The orc priest is severely wounded.
You barely miss the orc.
The orc priest hits you but does no damage.
Grinder blinks!
The orc barely misses you.
The orc priest invokes the aid of Beogh against you.
Beogh smites you!
1388 ||| STAIRDANCE The orc priest invokes the aid of Beogh against you.
You barely resist.
You climb upwards.
Reactivating autopickup.
There is a stone staircase leading down here.
Enter note:
Enter note:
Enter note:
Enter note:
Enter note:
Enter note:
Enter note:
Enter note:
Enter note:
Enter note:
Enter note:
Enter note: You closely miss the orc priest.
The orc priest is severely wounded.
You slash the orc!
You kill the orc!
The orc priest invokes the aid of Beogh against you.
Pain shoots through your body!
You hit the orc priest.
The orc priest is almost dead.
The orc priest calls down the wrath of Beogh upon you.
Beogh smites you! The orc priest hits you with a +0 mace.
You die...

77777777### 77.8_8..77..
777........77.
##7..77...7...7'
#..7777.}.777.7. #.##
7...7#77..
###########.##777.7.7#....
#.......o@)...7..77..7....
##.##..######..7.7777.7###.
#...#..# #####.7.7 7.7#...
###.#..# #......77 77.7#...
####.#..# #....##7 7..7....
#.....[.# #....# 7.77#.##
#.......# #....# #7.7##...
#.......###....# #.7..####
#.........#....###
#....####


You could see an orc priest.

Vanquished Creatures
  An adder (D:2)
  A worm (D:2)
  An orc (D:2)
  2 endoplasms (D:1)
  A giant cockroach (D:1)
  2 hobgoblins (D:1)
  A kobold (D:1)
  2 quokkas (D:1)
  2 ball pythons (D:1)
  5 bats
  3 frilled lizards (D:1)
  2 rats (D:1)
23 creatures vanquished.

Notes
Turn   | Place    | Note
-------+----------+-------------------------------------------
     0 | D:1      | qw the Gargoyle Fighter began the quest for the Orb.
     0 | D:1      | Reached XP level 1. HP: 14/14 MP: 1/1
     0 | D:1      | 0 ||| qw: Version: 0.2-a-102-g2b76a06
     0 | D:1      | 0 ||| qw: Game counter: 485
     0 | D:1      | 0 ||| qw: Always use a shield: true
     0 | D:1      | 0 ||| qw: God list: Okawaru
     0 | D:1      | 0 ||| qw: Allow faded altars: false
     0 | D:1      | 0 ||| qw: Do Orc after D:15 true
     0 | D:1      | 0 ||| qw: Do second Lair branch before Depths: true
     0 | D:1      | 0 ||| qw: Lair rune preference: random
     0 | D:1      | 0 ||| qw: Plans: Normal, Zot:1-4, Slime:5, God:TSO, Crypt,
                  | Tomb, Pan, Hells, Abyss, Win
     0 | D:1      | 0 ||| PLANNING D:1-11
   154 | D:1      | Found Ederru's Jewellery Emporium.
   173 | D:1      | Found Tued's Book Emporium.
   201 | D:1      | Reached XP level 2. HP: 19/19 MP: 2/2
   219 | D:1      | 219 ||| SHOPLISTING +5 ring of evasion (396 gold, have 47).
   219 | D:1      | 219 ||| SHOPLISTING +6 ring of strength (396 gold, have
                  | 47).
   219 | D:1      | 219 ||| SHOPLISTING amulet of faith (440 gold, have 47).
   219 | D:1      | 219 ||| SHOPLISTING ring of ice (275 gold, have 47).
   219 | D:1      | 219 ||| SHOPLISTING ring of positive energy (220 gold, have
                  | 47).
   219 | D:1      | 219 ||| SHOPLISTING ring of protection from fire (275 gold,
                  | have 47).
   639 | D:1      | 639 ||| READING scroll labelled WAADWA DAFAN.
   640 | D:1      | 640 ||| DRINKING 2 black potions.
   641 | D:1      | 641 ||| DROPPING potion of magic.
   697 | D:2      | 697 ||| Stepping ~*~*~tactically~*~*~ (stealth).
   759 | D:2      | Reached skill level 3 in Axes
   911 | D:2      | Found a faded altar of an unknown god.
  1318 | D:2      | Reached XP level 3. HP: 23/23 MP: 3/3
  1343 | D:2      | 1343 ||| DROPPING ring of flight.
  1344 | D:2      | 1344 ||| READING 2 scrolls labelled RUDWUO JUAGED.
  1345 | D:2      | 1345 ||| READING scroll labelled JIEZUONEAV.
  1346 | D:2      | 1346 ||| DRINKING 2 lumpy yellow potions.
  1380 | D:3      | Noticed Grinder
  1381 | D:3      | 1381 ||| Stepping ~*~*~tactically~*~*~ (hiding).
  1382 | D:3      | 1382 ||| Stepping ~*~*~tactically~*~*~ (hiding).
  1383 | D:3      | 1383 ||| Stepping ~*~*~tactically~*~*~ (hiding).
  1388 | D:3      | 1388 ||| STAIRDANCE
  1391 | D:2      | HP: 1/23 [orc priest/divine providence (11)]
  1391 | D:2      | Slain by an orc priest

Levels and vault maps discovered:
D:1:      saegor_arrival_fortress, layout_basic, serial_shops,
          nicolae_shop_peninsula, nicolae_book_shop_shelving,
          serial_bayou_pond_e, minivault_23
D:2:      layout_basic, shapermc_ecumenical_altar_totnotflames,
          kennysheep_generic_room_9
D:3:      kennysheep_goblin_castle, layout_loops_cross,
          mainiacjoe_overflow_tiny_flanked, hangedman_ru_absence,
          chequers_serial_rivers_marsh, uniq_grinder, uniq_crazy_yiuf_cottage,
          uniq_terence

Skill      XL: |  1  2 |
---------------+-------+-----
Axes           | 2 3 |  3.3
Fighting       | |  3.2
Armour         | |  3.2
Shields        | |  3.2

Action                     || total
---------------------------++-------
  Melee: War axe           ||    73
    Use: Scroll            ||     3
         Potion            ||     2
 Armour: Scale mail        ||    39
  Dodge: Dodged            ||    31
  Block: Buckler           ||    14

Table legend:
 A = Non-vault XP
 B = Vault XP
 C = Vault XP percentage of total XP
 D = Non-vault monster count
 E = Vault monster count
 F = Vault count percentage of total count
                 A         B        C        D         E       F
            +---------+---------+-------+---------+---------+-------
      Total |      34 |      19 |  35.8 |      21 |       2 |   8.7
            +---------+---------+-------+---------+---------+-------
        D:1 |      26 |       0 |   0.0 |      17 |       0 |   0.0
        D:2 |       8 |      19 |  70.4 |       4 |       2 |  33.3
            +---------+---------+-------+---------+---------+-------
